 Dungeon Sprint DCSS version 0.27.1-33-g824d729ab1 (webtiles) character file.

Game seed: 1773616322829877306

25 manyhoops the Chiller (level 2, -13/15 HPs)
             Began as a Deep Elf Ice Elementalist on Dec 25, 2021.
             Mangled by an ogre (23 damage)
             ... in the Dungeon (Sprint I: "Red Sonja").
             The game lasted 00:00:45 (285 turns).

manyhoops the Chiller (Deep Elf Ice Elementalist)    Turns: 285, Time: 00:00:45

Health: -13/15     AC:  5    Str:  5    XL:     2   Next: 82%
Magic:  4/8        EV: 11    Int: 19    God:
Gold:   0          SH:  0    Dex: 15    Spells: 7/8 levels left

rFire    . . .     SeeInvis .   f - +0 dagger
rCold    + . .     Faith    .   (no shield)
rNeg     . . .     Spirit   .   h - +2 leather armour {rC+}
rPois    .         Reflect  .   (no helmet)
rElec    .         Harm     .   (no cloak)
rCorr    .         Rampage  .   (no gloves)
Will     .....     NoTele   +   (no boots)
Stlth    ++........             (no amulet)
HPRegen  0.05/turn              (no ring)
MPRegen  0.11/turn              (no ring)

@: no status effects
A: no striking features
a: no special abilities


You were in the Dungeon.
You visited 1 branch

Inventory:

Hand Weapons
 f - a +0 dagger (weapon)
Armour
 a - a +0 robe
 h - a +2 leather armour of cold resistance (worn)
Wands
 c - a wand of digging (1)
Scrolls
 g - a scroll of blinking
Potions
 b - a potion of curing
 d - a potion of haste
 e - 2 potions of magic


   Skills:
 - Level 2.4 Dodging
 - Level 2.4 Stealth
 + Level 3.9 Spellcasting
 + Level 7.4 Ice Magic


You had 7 spell levels left.
You knew the following spells:

 Your Spells              Type           Power      Damage    Failure   Level
a - Freeze                Ice            100%       1d11      1%          1

Your spell library contained the following spells:

 Spells                   Type           Power      Damage    Failure   Level
 Frozen Ramparts          Ice            62%        1d8       3%          3
 Ozocubu's Armour         Ice            31%        N/A       3%          3
 Hailstorm                Conj/Ice       17%        3d6       45%         4


Dungeon Overview and Level Annotations

Branches:
Dungeon (1/1)

Altars:


Message History

Aiming: Dig
Press: ? - help, Shift-Dir - straight line, f - ogre
Aim: an ogre, wielding a +0 giant club (100% to hit)
Okay, then.
Casting: Freeze (safe; 1% risk of failure)
Confirm with . or Enter, or press ? or * to list all spells.
Aiming: Freeze (safe; 1% risk of failure)
Press: ? - help, Shift-Dir - straight line, f - ogre
Aim: an ogre, wielding a +0 giant club You freeze the ogre.
The ogre is lightly wounded.
The ogre closely misses you.
Unknown command.
Casting: Freeze (safe; 1% risk of failure)
Confirm with . or Enter, or press ? or * to list all spells.
Aiming: Freeze (safe; 1% risk of failure)
Press: ? - help, Shift-Dir - straight line, f/p - ogre
Aim: an ogre, wielding a +0 giant club (lightly wounded)
You freeze the ogre.
The ogre is lightly wounded.
The ogre hits you with a +0 giant club.
Unknown command.
Casting: Freeze (safe; 1% risk of failure)
Confirm with . or Enter, or press ? or * to list all spells.
Aiming: Freeze (safe; 1% risk of failure)
Press: ? - help, Shift-Dir - straight line, f/p - ogre
Aim: an ogre, wielding a +0 giant club (lightly wounded)
You freeze the ogre!
The ogre is heavily wounded.
Unknown command.
Casting: Freeze (safe; 1% risk of failure)
Confirm with . or Enter, or press ? or * to list all spells.
Aiming: Freeze (safe; 1% risk of failure)
Press: ? - help, Shift-Dir - straight line, f/p - ogre
Aim: an ogre, wielding a +0 giant club (heavily wounded)
You freeze the ogre.
The ogre is severely wounded.
The ogre hits you with a +0 giant club!!
Ouch! That really hurt!
You die...

##########
#<.#.@O..#
#..'..#..+
#..#### +#
#..# #..#
#..# #⌠⌠#
####


You could see an ogre.

Vanquished Creatures
  Ijyb (D)
1 creature vanquished.

Notes
Turn   | Place    | Note
-------+----------+-------------------------------------------
     0 | D        | manyhoops the Deep Elf Ice Elementalist began the quest for
                  | the Orb.
     0 | D        | Reached XP level 1. HP: 10/10 MP: 6/6
     1 | D        | Noticed Ijyb
    15 | D        | Killed Ijyb
    16 | D        | Reached skill level 7 in Ice Magic
    16 | D        | Reached XP level 2. HP: 3/15 MP: 5/8
   280 | D        | Noticed an ogre
   285 | D        | Mangled by an ogre

Illustrated notes

Levels and vault maps discovered:
D:        dungeon_sprint_1 [red_sonja_temple_1, red_sonja_temple_small_1]

Skill      XL: |  1 |
---------------+----+-----
Ice Magic      | 7 |  7.4
Dodging        | |  2.4
Stealth        | |  2.4
Spellcasting   | |  3.9

Action                   || total
-------------------------++-------
Melee: Unarmed           ||     9
 Cast: Freeze            ||     5
  Use: Potion            ||     2
Dodge: Dodged            ||     5
